Map: Moonlight Madness LE (Void)

Players

Stratus

  • Race: Protoss Protoss
  • League: Grandmaster

HzVee - Winner!

  • Race: Protoss Protoss

VOD

Have the link to the VOD?

Description

Time

  • Played on: Oct. 16, 2015, 1:09 a.m.
  • Length: 11:45
Show
View Real Time Build Order
Export as new Build Order

Stratus Protoss 

Build Orders:  

Get SALT Encoding   

  12  0:03  Probe (Chrono Boost)  
  13  0:13  Pylon  
  13  0:18  Probe (Chrono Boost)  
  15  0:28  Probe (Chrono Boost)  
  15  0:35  Gateway  
  15  0:50  Probe (Chrono Boost)  
  16  1:00  Probe (Chrono Boost)  
  17  1:07  Gateway  
  17  1:11  Probe (Chrono Boost), Pylon  
  18  1:15  Assimilator  
  18  1:22  Probe (Chrono Boost)  
  18  1:25  Zealot  
  21  1:32  Probe (Chrono Boost)  
  22  1:44  Probe (Chrono Boost)  
  23  1:52  Zealot  
  25  1:54  Probe (Chrono Boost)  
  26  2:10  Nexus  
  26  2:38  Forge  
  26  2:48  Pylon  
  26  2:50  Pylon  
  26  3:15  Photon Cannon x2  
  26  3:17  Photon Cannon  
  26  3:19  Photon Cannon  
  24  3:40  Photon Cannon  
  22  3:44  Photon Cannon  
  20  3:52  Probe (Chrono Boost)  
  21  3:55  Pylon  
  22  4:03  Probe (Chrono Boost)  
  22  4:13  Probe (Chrono Boost)  
  22  4:16  Cybernetics Core  
  23  4:17  Assimilator  
  23  4:25  Assimilator  
  23  4:27  Probe x2 (Chrono Boost)  
  23  4:31  Assimilator  
  25  4:36  Photon Cannon  
  25  4:38  Probe x2 (Chrono Boost)  
  27  4:50  Pylon  
  27  4:59  Pylon  
  27  5:00  Warp Gate  
  27  5:02  Pylon  
  27  5:09  Adept  
  27  5:10  Adept  
  31  5:26  Mothership Core (Chrono Boost)  
  31  5:28  Probe (Chrono Boost)  
  34  5:38  Probe (Chrono Boost)  
  34  5:41  Photon Cannon  
  35  5:44  Probe (Chrono Boost)  
  35  5:49  Probe (Chrono Boost)  
  37  5:53  Robotics Facility  
  37  6:20  Stargate  
  37  6:21  Probe x2 (Chrono Boost)  
  39  6:32  Probe x2 (Chrono Boost), Pylon  
  41  6:42  Probe x2 (Chrono Boost)  
  43  6:53  Probe x2 (Chrono Boost)  
  45  7:23  Pylon  
  45  7:24  Void Ray  
  49  7:31  Pylon  
  49  7:33  Pylon  
  49  7:36  Probe x2 (Chrono Boost)  
  51  7:46  Probe x2 (Chrono Boost)  
  53  8:07  Void Ray  
  53  8:08  Immortal  
  61  8:17  Stargate  
  61  8:20  Stargate  
  61  8:22  Pylon, Stargate  
  61  8:24  Pylon  
  61  8:47  Immortal, Nexus  
  65  9:09  Nexus  
  64  9:17  Photon Cannon  
  64  9:19  Photon Cannon  
  64  9:20  Photon Cannon  
  64  9:22  Photon Cannon  
  60  9:25  Photon Cannon  
  60  9:27  Photon Cannon  
  60  9:36  Void Ray x3  
  72  10:08  Phoenix  
  74  10:19  Phoenix x3  
  81  10:28  Probe (Chrono Boost)  
  81  10:33  Phoenix  
  83  10:39  Probe (Chrono Boost)  
  83  10:41  Photon Cannon  
  83  10:42  Photon Cannon  
  83  10:44  Void Ray  
  83  10:46  Photon Cannon  
  83  10:49  Probe (Chrono Boost)  
  75  11:00  Probe (Chrono Boost)  
  65  11:31  Stalker  
Show
View Real Time Build Order
Export as new Build Order

HzVee Protoss - Winner!

Build Orders:  

Get SALT Encoding   

  12  0:02  Probe (Chrono Boost)  
  13  0:12  Probe (Chrono Boost)  
  14  0:18  Pylon  
  14  0:23  Probe (Chrono Boost)  
  15  0:34  Assimilator  
  15  0:40  Gateway  
  15  0:44  Probe (Chrono Boost)  
  16  0:54  Probe (Chrono Boost)  
  17  1:02  Gateway  
  17  1:11  Pylon  
  17  1:22  Probe (Chrono Boost)  
  18  1:27  Assimilator  
  18  1:32  Probe (Chrono Boost)  
  19  1:34  Zealot  
  21  1:43  Probe (Chrono Boost)  
  22  1:47  Cybernetics Core  
  22  1:53  Probe (Chrono Boost)  
  23  2:11  Probe (Chrono Boost)  
  24  2:21  Probe (Chrono Boost)  
  25  2:27  Nexus  
  25  2:29  Warp Gate (Chrono Boost)  
  25  2:37  Adept  
  27  2:39  Adept  
  29  2:50  Pylon  
  29  3:03  Twilight Council  
  29  3:11  Robotics Facility  
  29  3:17  Pylon  
  27  3:38  Adept x2  
  31  3:48  Probe  
  31  3:52  Pylon  
  32  3:58  Probe  
  33  4:09  Probe  
  33  4:16  Immortal (Chrono Boost)  
  38  4:19  Probe  
  39  4:30  Probe, Adept x2  
  42  4:40  Probe  
  43  4:51  Probe, Immortal (Chrono Boost)  
  48  4:57  Assimilator  
  48  5:01  Probe, Assimilator  
  48  5:05  Pylon  
  49  5:09  Pylon  
  49  5:12  Probe  
  50  5:22  Probe  
  50  5:23  Stalker  
  50  5:25  Immortal (Chrono Boost)  
  57  5:33  Probe, Stargate  
  58  5:35  Stargate  
  54  5:59  Blink  
  54  6:04  Adept x2  
  56  6:07  Probe  
  59  6:17  Probe  
  59  6:24  Fleet Beacon  
  60  6:26  Void Ray (Chrono Boost)  
  60  6:28  Probe  
  65  6:40  Probe, Void Ray (Chrono Boost)  
  70  6:53  Probe  
  63  7:05  Stalker x2  
  67  7:20  Pylon  
  67  7:21  Carrier (Chrono Boost)  
  67  7:24  Pylon  
  67  7:28  Stalker  
  69  7:34  Carrier (Chrono Boost)  
  69  7:44  Probe  
  76  7:56  Probe  
  83  8:00  Resonating Glaives  
  83  8:08  Probe  
  83  8:09  Stalker  
  86  8:22  Nexus  
  86  8:24  Pylon  
  86  8:25  Carrier (Chrono Boost)  
  86  8:26  Pylon  
  86  8:38  Carrier (Chrono Boost)  
  86  8:42  Probe  
  93  8:48  Pylon  
  93  8:54  Probe, Protoss Air Weapons Level 1  
  94  9:00  Zealot  
  102  9:13  Zealot  
  104  9:33  Forge  
  103  9:45  Zealot x2  
  101  10:18  Gateway x2  
  101  10:21  Gateway  
  99  10:38  Stalker  
  99  10:39  Stalker  
  88  11:38  Stalker x2  
  88  11:39  Stalker  
  90  11:40  Stalker x2  
Tags
 
Add a new tag
Caveats
  • Supply blocks, unpowered buildings, or Contaminate may cause inaccurate times.
  • Supply counts are checked every 10 seconds.